 Dungeon Crawl Stone Soup version 0.28.0 (webtiles) character file.

Game seed: 5716100025293658052

16 trckry the Vandal (level 2, -3/22 HPs)
             Began as a Demonspawn Wanderer on Feb 12, 2022.
             Was an Initiate of Ru.
             Killed from afar by Sigmund (9 damage)
             ... with a puff of flame
             ... on level 2 of the Dungeon.
             The game lasted 00:02:28 (1029 turns).

trckry the Vandal (Demonspawn Wanderer)             Turns: 1029, Time: 00:02:28

Health: -3/22      AC:  5    Str: 12    XL:     2   Next: 37%
Magic:  3/3        EV: 10    Int: 14    God:    Ru [......]
Gold:   131        SH:  0    Dex: 11    Spells: 2/3 levels left

rFire   . . .      SeeInvis .   a - +0 hunting sling (vorpal)
rCold   . . .      Faith    .   (no shield)
rNeg    . . .      Spirit   .   c - +0 ring mail
rPois   .          Reflect  .   (no helmet)
rElec   .          Harm     .   (no cloak)
rCorr   .          Rampage  .   (no gloves)
Will    .....                   (no boots)
Stlth   +.........              (no amulet)
HPRegen 0.07/turn               (no ring)
MPRegen 0.08/turn               (no ring)

@: no status effects
A: condensation shield
a: Renounce Religion


You were on level 2 of the Dungeon.
You worshipped Ru.
Ru was noncommittal.
You visited 1 branch of the dungeon, and saw 2 of its levels.

You collected 131 gold pieces.

Inventory:

Hand Weapons
 a - a +0 vorpal hunting sling (weapon)
 i - a +0 trident
Missiles
 b - 14 sling bullets (quivered ammo)
Armour
 c - a +0 ring mail (worn)
Scrolls
 d - a scroll of teleportation {unknown}
 j - a scroll of amnesia {unknown}
Potions
 e - a potion of attraction {unknown}
 f - a potion of curing {unknown}
 g - a potion of brilliance {unknown}


   Skills:
 - Level 2.0 Fighting
 + Level 3.9 Slings
 + Level 1.7 Armour
 - Level 1.0 Spellcasting
 - Level 1.7 Ice Magic


You had 2 spell levels left.
You knew the following spells:

 Your Spells              Type           Power      Damage    Failure   Level
a - Freeze                Ice            20%        1d4       28%         1

Your spell library contained the following spells:

 Spells                   Type           Power      Damage    Failure   Level
 Frozen Ramparts          Ice            10%        1d3       63%         3


Dungeon Overview and Level Annotations

Branches:
Dungeon (2/15)

Altars:
Ru

Shops:
D:1 =[

Annotations:
D:2 Sigmund


Innate Abilities, Weirdness & Mutations

A meltable shield of frost defends you. (SH +0)


Message History

You shoot a stone.
The stone hits the goblin but does no damage.
The goblin barely misses you.
You shoot a stone. The stone hits the goblin.
You kill the goblin!
You shoot a stone. The stone barely misses Sigmund.
Sigmund zaps a wand.
The puff of flame hits you.
Your condensation shield dissipates!
You shoot a stone.
The stone hits Sigmund but does no damage.
You shoot a sling bullet. The sling bullet barely misses Sigmund.
Sigmund looks at you with fury.
You shoot a sling bullet. The sling bullet hits Sigmund.
Sigmund is lightly wounded.
Sigmund hits you from afar with a +3 scythe of venom.
You are poisoned.
You shoot a sling bullet.
The sling bullet hits Sigmund but does no damage.
Sigmund is lightly wounded.
You feel sick.
You shoot a sling bullet.
The sling bullet closely misses Sigmund.
You feel sick.
Sigmund zaps a wand.
The puff of flame hits you.
You feel sick. Sigmund gestures at you while chanting.
You resist with significant effort.
You feel sick.
You feel sick.
You feel sick.
You feel sick.
You are no longer poisoned.
Sigmund zaps a wand.
The puff of flame hits you but does no damage.
Sigmund mumbles some strange words.
Sigmund flickers and vanishes!
Deactivating autopickup; reactivate with Ctrl-A.
You hear a zap.
A puff of flame appears from out of thin air!
The puff of flame hits you!
You die...

#####
#<..#
#.###
#.#
#@#
#.#
#.#
#.#
#.#
#.#
#{#
#.#
#.#


There were no monsters in sight!

Vanquished Creatures
  An endoplasm (D:1)
  2 goblins
  A hobgoblin (D:1)
  2 quokkas (D:1)
  4 ball pythons (D:1)
  2 bats (D:1)
  A frilled lizard (D:1)
13 creatures vanquished.

Notes
Turn   | Place    | Note
-------+----------+-------------------------------------------
     0 | D:1      | trckry the Demonspawn Wanderer began the quest for the Orb.
     0 | D:1      | trckry set off with the following items: a +0 vorpal
                  | hunting sling, 19 sling bullets, a +0 ring mail; and the
                  | following spell memorised: Freeze; and the following spells
                  | available to memorise: Frozen Ramparts
     0 | D:1      | Reached XP level 1. HP: 16/16 MP: 2/2
   337 | D:1      | Found Quiruc's Armour Shoppe.
   400 | D:1      | Found Sepoduf's Jewellery Shoppe.
   470 | D:1      | Gained mutation: A meltable shield of frost defends you.
                  | (SH +0) [demonic ancestry]
   470 | D:1      | Reached XP level 2. HP: 22/22 MP: 3/3
   712 | D:1      | Found a faded altar of an unknown god.
   784 | D:1      | Prayed at the altar of an unknown god.
   784 | D:1      | Became a worshipper of Ru the Awakened
  1008 | D:2      | Noticed Sigmund
  1029 | D:2      | Killed from afar by Sigmund

Illustrated notes

Levels and vault maps discovered:
D:1:      minmay_arrival_checkered_box, layout_loops_corners, serial_shops,
          shop_coins, nicolae_shop_statue_plus,
          shapermc_ecumenical_altar_hornbeckon, minmay_tromino_v4_c
D:2:      layout_basic, serial_shops, nicolae_shop_stone, minmay_surrounded,
          uniq_sigmund

Action                   || total
-------------------------++-------
 Fire: Hunting sling     ||    43
Invok: Reject Sacrifices ||     1
Armor: Ring mail         ||     5
Dodge: Dodged            ||     7
